 Dungeon Crawl Stone Soup version 0.17.1-3-g152610e (webtiles) character file.

4601 kaze the Nimble (level 10, -3/98 HPs)
             Began as a Troll Berserker on Feb 29, 2016.
             Was a High Priest of Trog.
             Slain by an orc warrior
             ... wielding a +0 long sword
              (24 damage)
             ... on level 8 of the Dungeon.
             The game lasted 00:23:58 (7173 turns).

kaze the Nimble (Troll Berserker)                   Turns: 7173, Time: 00:23:58

Health: -3/98      AC:  9    Str: 30    XL:     10   Next: 19%
Magic:  9/9        EV: 11    Int:  3    God:    Trog [*****.]
Gold:   203        SH: 11    Dex:  9    Spells: 0 memorised, 9 levels left

rFire  + . .     SeeInvis .     k - +5 spear
rCold  . . .     Clarity  .     a - +1 animal skin
rNeg   . . .     SustAt   .     n - +2 shield {rF+}
rPois  +         Gourm    +     i - +2 hat
rElec  .         Spirit   .     p - +0 cloak {rPois}
rCorr  .         Warding  .     (gloves unavailable)
rMut   .         Stasis   .     (boots unavailable)
MR     .....                    (no amulet)
Stlth  +.........               (no ring)
                                (no ring)

@: lethally poisoned (-3 -> -3), not resistant to hostile enchantments, very
unstealthy
A: unfitting armour, claws 3, fast metabolism 3, gourmand, regeneration 2,
shaggy fur 1, spit poison 1, tough skin 2
a: Spit Poison, Berserk, Trog's Hand, Brothers in Arms, Burn Spellbooks,
Renounce Religion


You were on level 8 of the Dungeon.
You worshipped Trog.
Trog was extremely pleased with you.
You were full.

You visited 1 branch of the dungeon, and saw 8 of its levels.
You also visited: Sewer.

You collected 445 gold pieces.
You spent 242 gold pieces at shops.

Inventory:

Hand Weapons
 k - a +5 spear (weapon)
 s - a +1 dire flail of holy wrath
 v - a +4 mace
Missiles
 g - 5 tomahawks (quivered)
Armour
 a - a +1 animal skin (worn)
 i - a +2 hat (worn)
 n - a +2 shield of fire resistance (worn)
 p - a +0 cloak of poison resistance (worn)
Jewellery
 d - an uncursed ring of flight
 m - an uncursed ring of invisibility {unknown}
 q - a +2 ring of protection {unknown}
 y - a +3 ring of intelligence {unknown}
Wands
 t - a wand of lightning (11)
 w - a wand of draining (13)
Scrolls
 e - 2 scrolls of noise
 f - 8 scrolls of remove curse
 h - a scroll of magic mapping
 r - a scroll of identify
 u - a scroll of fear
 B - a scroll of recharging
Potions
 c - a potion of brilliance
 j - a potion of haste
 o - a potion of heal wounds
 z - 4 potions of curing
Comestibles
 b - 4 bread rations
 l - a royal jelly
 x - a slice of pizza
 A - a meat ration


   Skills:
 + Level 6.2 Fighting
 + Level 5.7 Polearms
 + Level 9.1 Dodging
 + Level 3.1 Shields
 + Level 3.7 Unarmed Combat


You had 9 spell levels left.
You didn't know any spells.

Dungeon Overview and Level Annotations

Branches:
Dungeon (8/15)             Temple (0/1) D:7            Lair (0/8) D:8

Altars:
Ashenzari
Elyvilon
Fedhas
Makhleb
Nemelex Xobeh
Ru
Zin

Shops:
D:4 *   D:6 [


Innate Abilities, Weirdness & Mutations

You are too large for most types of armour.
You have claws for hands.
Your metabolism is lightning-fast.
You like to eat raw meat.
You heal very quickly.
You are covered in fur (AC +1).
You have very tough skin (AC +2).
You can spit weak poison.


Message History

The orc warrior hits you but does no damage.
The freed slave hits the orc warrior.
You hit the orc warrior but do no damage.
The orc warrior is heavily wounded.
The freed slave barely misses the orc warrior.
You block the orc warrior's attack.
You hit the orc warrior but do no damage.
The orc warrior is heavily wounded.
You feel sick.
The freed slave closely misses the orc warrior.
Your shield prevents you from hitting the orc warrior.
The orc warrior is heavily wounded.
The orc warrior hits you with a long sword!
* * * LOW HITPOINT WARNING * * *
The freed slave hits the orc warrior.
You hit the orc warrior but do no damage.
The orc warrior is heavily wounded.
You feel sick.
The orc warrior hits you with a long sword!!
You die...

#.......######.# #.#.#
#.......##.>##.###.#.#
#...............##.#.#
#.....?..............#
#...............##.###
##.....###########.#
#.....# #......#
#.....# ###.####.#
##....# #o@.# #?#
#p...# #p### #.#
......##.# #.# #....#
#.# .........# ###
.y.......# .p.......#
....#+#### ....


You could see an orc warrior and a neutral freed slave (wandering).

Vanquished Creatures
  The ghost of kaze the Nimble, a novice TrBe of Trog (D:7)
  Pikel (D:8)
  Joseph (D:7)
  The ghost of Bubs the Skirmisher, an amateur DsAK of Lugonu (D:4)
  Prince Ribbit (D:7)
  Menkaure (D:7)
  A water moccasin (D:7)
  2 sky beasts
  Duvessa (D:5)
  A black bear (D:7)
  An orc warrior (D:6)
  An ice beast (D:7)
  A centaur (D:4)
  A phantom (D:4)
  3 ogres
  A big kobold (D:6)
  2 giant frogs
  Dowan (D:5)
  2 scorpions
  4 wights (D:6)
  6 killer bees (D:8)
  A hound (D:7)
  2 giant frog zombies (D:6)
  3 iguanas
  An orc priest (D:5)
  4 crimson imps
  A jelly (D:5)
  2 orc wizards (D:6)
  4 worker ants
  3 hound skeletons
  A worker ant zombie (D:4)
  5 adders
  3 gnolls (D:2)
  4 river rats (D:2)
  A shadow imp (D:8)
  An adder skeleton (D:6)
  2 worms
  2 giant geckos
  16 orcs
  10 goblins
  11 hobgoblins
  6 quokkas
  6 ball pythons
  8 bats
  4 giant cockroaches
  9 giant newts
  6 jackals
  20 kobolds
  A quokka zombie (D:7)
  10 rats
181 creatures vanquished.

Vanquished Creatures (others)
  A slave (D:8)
  An orc (D:8)
2 creatures vanquished.

Grand Total: 183 creatures vanquished

Notes
Turn   | Place    | Note
--------------------------------------------------------------
     0 | D:1      | kaze the Troll Berserker began the quest for the Orb.
     0 | D:1      | Reached XP level 1. HP: 22/22 MP: 0/0
   153 | D:1      | Reached XP level 2. HP: 29/29 MP: 1/1
   867 | D:1      | Reached ** piety under Trog
   930 | D:1      | You fall through a shaft!
   966 | D:2      | Reached XP level 3. HP: 33/36 MP: 2/2
  1045 | D:2      | Found a white marble altar of Elyvilon.
  1242 | D:2      | Reached XP level 4. HP: 8/45 MP: 3/3
  1344 | D:2      | Found a sparkling altar of Nemelex Xobeh.
  1345 | D:2      | Noticed a centaur
  1826 | D:3      | Reached *** piety under Trog
  1992 | D:3      | Reached XP level 5. HP: 43/53 MP: 4/4
  2377 | D:3      | Found a blossoming altar of Fedhas.
  2547 | D:4      | Noticed a phantom
  2564 | D:4      | Killed a phantom
  2564 | D:4      | Reached skill level 1 in Polearms
  2564 | D:4      | Reached skill level 4 in Dodging
  2591 | D:4      | Found a sacrificial altar of Ru.
  2654 | D:4      | Noticed an ogre
  2655 | D:4      | Noticed a centaur
  2664 | D:4      | Killed an ogre
  2664 | D:4      | Reached XP level 6. HP: 25/61 MP: 5/5
  2678 | D:4      | Killed a centaur
  2709 | D:4      | Noticed Bubs's ghost (amateur DsAK)
  2720 | D:4      | Killed Bubs's ghost
  2720 | D:4      | Reached skill level 5 in Dodging
  2720 | D:4      | Reached XP level 7. HP: 59/70 MP: 6/6
  3018 | D:4      | Found a burning altar of Makhleb.
  3222 | D:4      | Found Zin's Purification Station.
  3227 | D:4      | Found a glowing silver altar of Zin.
  3669 | D:5      | Entered Level 5 of the Dungeon
  3669 | D:5      | Noticed Duvessa
  3669 | D:5      | Noticed Dowan
  3683 | D:5      | Killed Duvessa
  3685 | D:5      | Killed Dowan
  3775 | D:5      | Found a glowing drain.
  3794 | Sewer    | Entered a sewer
  4795 | D:5      | Found a shattered altar of Ashenzari.
  4838 | D:5      | Reached XP level 8. HP: 73/79 MP: 7/7
  4919 | D:6      | Reached skill level 6 in Dodging
  5558 | D:6      | Found Ibounuoh's Antique Armour Boutique.
  5576 | D:6      | Reached skill level 7 in Dodging
  5579 | D:6      | Reached skill level 5 in Fighting
  5580 | D:6      | Reached **** piety under Trog
  5624 | D:6      | Bought a runed shield for 121 gold pieces
  5631 | D:6      | Bought an embroidered cloak for 121 gold pieces
  5870 | D:7      | Found a staircase to the Ecumenical Temple.
  5887 | D:7      | Noticed kaze's ghost (novice TrBe)
  5907 | D:7      | Killed kaze's ghost
  5907 | D:7      | Reached skill level 1 in Shields
  5907 | D:7      | Reached XP level 9. HP: 76/88 MP: 8/8
  5997 | D:7      | Reached skill level 8 in Dodging
  6008 | D:7      | Noticed Joseph
  6030 | D:7      | Killed Joseph
  6113 | D:7      | Reached skill level 5 in Polearms
  6116 | D:7      | Noticed Menkaure
  6139 | D:7      | Killed Menkaure
  6167 | D:7      | Gained mutation: You can spit weak poison. [mutagenic meat]
  6185 | D:7      | Noticed Prince Ribbit
  6193 | D:7      | Killed Prince Ribbit
  7023 | D:8      | Noticed Pikel
  7048 | D:8      | Killed Pikel
  7048 | D:8      | Reached skill level 9 in Dodging
  7048 | D:8      | Reached XP level 10. HP: 81/98 MP: 9/9
  7070 | D:8      | Found a staircase to the Lair.
  7132 | D:8      | Reached ***** piety under Trog
  7173 | D:8      | Slain by an orc warrior

Action                   |  1- 3 |  4- 6 |  7- 9 | 10-12 || total
-------------------------+-------+-------+-------+-------++-------
Melee: Unarmed           |    83 |       |       |       ||    83
       Spear             |    26 |   136 |   466 |    65 ||   693
Invok: Berserk           |     1 |     2 |     9 |       ||    12
       Trog's Hand       |       |     1 |     4 |       ||     5
       Burn Spellbooks   |       |       |     2 |       ||     2
  Use: Potion            |       |       |    11 |       ||    11
       Scroll            |       |       |    18 |       ||    18
 Stab: Sleeping          |       |     1 |       |       ||     1
  Eat: Chunk             |    16 |    13 |    38 |       ||    67
       Meat ration       |       |       |     2 |       ||     2
       Royal jelly       |       |       |     1 |       ||     1
       Beef jerky        |       |       |     1 |       ||     1
       Fruit             |       |       |     7 |       ||     7
